Workbook

Sheet Data
A1: Catalogue Request
A2: Supplier | B2: VIAMED LTD
A3: Contract/Catalogue Ref
A4: Expiry Date | B4: 31/01/2026 (or notice +30 days whichever is sooner)
A5: Quote Ref | B5: LISTPRICE2025-09-17
A6: Over £25k?
A9: Item Code | B9: Item Description | C9: Price | D9: UoM Description | E9: UoM Code | F9: UoM Number | G9: Eclass | H9: Expense Code | I9: Integra Flag | J9: Powergate Flag | K9: Ingenica Flag
A10: 0012165 | B10: Viamed Pulse Oximeter VM 2160 SMARTsat. | C10: 456.6 | D10: EACH | E10: =VLOOKUP(Table1[[#This Row],[UoM Description]],Sheet1!$D$1:$E$8,2,FALSE()) -> EA | F10: 1 | G10: FJK | H10: =VLOOKUP(Table1[[#This Row],[Eclass]],Sheet1!$A:$B,2,FALSE()) -> NCM742
A11: 0013110 | B11: Carrying Case for V1000 | C11: 51.3 | D11: EACH | E11: =VLOOKUP(Table1[[#This Row],[UoM Description]],Sheet1!$D$1:$E$8,2,FALSE()) -> EA | F11: 1 | G11: FJL | H11: =VLOOKUP(Table1[[#This Row],[Eclass]],Sheet1!$A:$B,2,FALSE()) -> NCM116
A12: 0014002 | B12: Pulse Oximetry Finger Sensor - Nellcor DS-100A Oximax Digit X1 | C12: 100 | D12: EACH | E12: =VLOOKUP(Table1[[#This Row],[UoM Description]],Sheet1!$D$1:$E$8,2,FALSE()) -> EA | F12: 1 | G12: FJK | H12: =VLOOKUP(Table1[[#This Row],[Eclass]],Sheet1!$A:$B,2,FALSE()) -> NCM742
A13: 0014061 | B13: Pulse Oximetry Extension Cable - Nellcor DEC-8 | C13: 66.5 | D13: EACH | E13: =VLOOKUP(Table1[[#This Row],[UoM Description]],Sheet1!$D$1:$E$8,2,FALSE()) -> EA | F13: 1 | G13: FJK | H13: =VLOOKUP(Table1[[#This Row],[Eclass]],Sheet1!$A:$B,2,FALSE()) -> NCM742
A14: 0014062 | B14: Pulse Oximetry Sensor/Extension Cable - Nellcor DOC-10 | C14: 84.4 | D14: EACH | E14: =VLOOKUP(Table1[[#This Row],[UoM Description]],Sheet1!$D$1:$E$8,2,FALSE()) -> EA | F14: 1 | G14: FJK | H14: =VLOOKUP(Table1[[#This Row],[Eclass]],Sheet1!$A:$B,2,FALSE()) -> NCM742
A15: 0014591 | B15: Pulse Oximetry Silicone Finger Sensor - Viamed - Paediatric - SCPA6500VM | C15: 261.6 | D15: EACH | E15: =VLOOKUP(Table1[[#This Row],[UoM Description]],Sheet1!$D$1:$E$8,2,FALSE()) -> EA | F15: 1 | G15: FJK | H15: =VLOOKUP(Table1[[#This Row],[Eclass]],Sheet1!$A:$B,2,FALSE()) -> NCM742
A16: 0014601 | B16: Pulse Oximetry Finger Sensor - Nellcor Compatible - Adult - SF4001 | C16: 41.85 | D16: EACH | E16: =VLOOKUP(Table1[[#This Row],[UoM Description]],Sheet1!$D$1:$E$8,2,FALSE()) -> EA | F16: 1 | G16: FJK | H16: =VLOOKUP(Table1[[#This Row],[Eclass]],Sheet1!$A:$B,2,FALSE()) -> NCM742
A17: 0014602 | B17: Pulse Oximetry Finger Sensor - Nellcor Compatible - Adult - SF4002 | C17: 50.6 | D17: EACH | E17: =VLOOKUP(Table1[[#This Row],[UoM Description]],Sheet1!$D$1:$E$8,2,FALSE()) -> EA | F17: 1 | G17: FJK | H17: =VLOOKUP(Table1[[#This Row],[Eclass]],Sheet1!$A:$B,2,FALSE()) -> NCM742
A18: 0014603 | B18: Pulse Oximetry Finger Sensor - HP/Philips Compatible - Adult - SF4006 | C18: 98.5 | D18: EACH | E18: =VLOOKUP(Table1[[#This Row],[UoM Description]],Sheet1!$D$1:$E$8,2,FALSE()) -> EA | F18: 1 | G18: FJK | H18: =VLOOKUP(Table1[[#This Row],[Eclass]],Sheet1!$A:$B,2,FALSE()) -> NCM742
A19: 0014604 | B19: Pulse Oximetry Finger Sensor - HP/Philips Compatible - Adult - SF4007 | C19: 82 | D19: EACH | E19: =VLOOKUP(Table1[[#This Row],[UoM Description]],Sheet1!$D$1:$E$8,2,FALSE()) -> EA | F19: 1 | G19: FJK | H19: =VLOOKUP(Table1[[#This Row],[Eclass]],Sheet1!$A:$B,2,FALSE()) -> NCM742
A20: 0014605 | B20: Pulse Oximetry Finger Sensor - Datex Compatible - Adult - SF4011 | C20: 61 | D20: EACH | E20: =VLOOKUP(Table1[[#This Row],[UoM Description]],Sheet1!$D$1:$E$8,2,FALSE()) -> EA | F20: 1 | G20: FJK | H20: =VLOOKUP(Table1[[#This Row],[Eclass]],Sheet1!$A:$B,2,FALSE()) -> NCM742
A21: 0014606 | B21: Pulse Oximetry Finger Sensor - Datex Compatible - Adult - SF4012 | C21: 86.3 | D21: EACH | E21: =VLOOKUP(Table1[[#This Row],[UoM Description]],Sheet1!$D$1:$E$8,2,FALSE()) -> EA | F21: 1 | G21: FJK | H21: =VLOOKUP(Table1[[#This Row],[Eclass]],Sheet1!$A:$B,2,FALSE()) -> NCM742
... A54: 0014775 | B54: Pulse Oximetry Silicone Finger Sensor - Nihon Kohden Compatible - Paediatric - SCP4047 | C54: 148.3 | D54: EACH | E54: =VLOOKUP(Table1[[#This Row],[UoM Description]],Sheet1!$D$1:$E$8,2,FALSE()) -> EA | F54: 1 | G54: FJK | H54: =VLOOKUP(Table1[[#This Row],[Eclass]],Sheet1!$A:$B,2,FALSE()) -> NCM742
A55: 0014778 | B55: Pulse Oximetry Silicone Finger Sensor - Datascope Compatible - Paediatric - SCP4062 | C55: 148.3 | D55: EACH | E55: EA | F55: 1 | G55: FJK | H55: =VLOOKUP(Table1[[#This Row],[Eclass]],Sheet1!$A:$B,2,FALSE()) -> NCM742
A56: 0014785 | B56: Pulse Oximetry Silicone Finger Sensor - GE Datex Compatible - Paediatric - SCP4013 | C56: 148.3 | D56: EACH | E56: EA | F56: 1 | G56: FJK | H56: =VLOOKUP(Table1[[#This Row],[Eclass]],Sheet1!$A:$B,2,FALSE()) -> NCM742
A57: 0014802 | B57: Pulse Oximetry Ear Sensor - HP/Philips Compatible - EP4007 | C57: 122.1 | D57: EACH | E57: EA | F57: 1 | G57: FJK | H57: =VLOOKUP(Table1[[#This Row],[Eclass]],Sheet1!$A:$B,2,FALSE()) -> NCM742
A58: 0014804 | B58: Pulse Oximetry Ear Sensor - Datex Compatible - EP4012 | C58: 104.7 | D58: EACH | E58: EA | F58: 1 | G58: FJK | H58: =VLOOKUP(Table1[[#This Row],[Eclass]],Sheet1!$A:$B,2,FALSE()) -> NCM742
A59: 0014805 | B59: Pulse Oximetry Ear Sensor - Ohmeda Compatible - EP4016 | C59: 139.5 | D59: EACH | E59: EA | F59: 1 | G59: FJK | H59: =VLOOKUP(Table1[[#This Row],[Eclass]],Sheet1!$A:$B,2,FALSE()) -> NCM742
A60: 0014806 | B60: Pulse Oximetry Ear Sensor - Nihon Kohden Compatible - EP4046 | C60: 130.8 | D60: EACH | E60: EA | F60: 1 | G60: FJK | H60: =VLOOKUP(Table1[[#This Row],[Eclass]],Sheet1!$A:$B,2,FALSE()) -> NCM742
A61: 0014816 | B61: Pulse Oximetry Ear Sensor - GE Datex Compatible - EP4013 | C61: 139.5 | D61: EACH | E61: EA | F61: 1 | G61: FJK | H61: =VLOOKUP(Table1[[#This Row],[Eclass]],Sheet1!$A:$B,2,FALSE()) -> NCM742
A62: 0014822 | B62: Pulse Oximetry Wrap Sensor - Nellcor Compatible - W4002 | C62: 124.7 | D62: EACH | E62: EA | F62: 1 | G62: FJK | H62: =VLOOKUP(Table1[[#This Row],[Eclass]],Sheet1!$A:$B,2,FALSE()) -> NCM742
A63: 0014823 | B63: Pulse Oximetry Wrap Sensor - HP/Philips Compatible - W4006 | C63: 131.7 | D63: EACH | E63: EA | F63: 1 | G63: FJK | H63: =VLOOKUP(Table1[[#This Row],[Eclass]],Sheet1!$A:$B,2,FALSE()) -> NCM742
A64: 0014824 | B64: Pulse Oximetry Wrap Sensor - HP/Philips Compatible - W4007 | C64: 116 | D64: EACH | E64: EA | F64: 1 | G64: FJK | H64: =VLOOKUP(Table1[[#This Row],[Eclass]],Sheet1!$A:$B,2,FALSE()) -> NCM742
A65: 0014829 | B65: Pulse Oximetry Wrap Sensor - Ohmeda Compatible - W4017 | C65: 131.7 | D65: EACH | E65: EA | F65: 1 | G65: FJK | H65: =VLOOKUP(Table1[[#This Row],[Eclass]],Sheet1!$A:$B,2,FALSE()) -> NCM742
A66: 0014848 | B66: Pulse Oximetry Wrap Sensor - GE Datex Compatible - W4013 | C66: 148.3 | D66: EACH | E66: EA | F66: 1 | G66: FJK | H66: =VLOOKUP(Table1[[#This Row],[Eclass]],Sheet1!$A:$B,2,FALSE()) -> NCM742
... A509: 9910-340 | B509: 1 litre Vacsax standard-bore disposable liners | C509: 51.3 | D509: BOX | E509: BX | F509: 1 | G509: FPA | H509: =VLOOKUP(Table1[[#This Row],[Eclass]],Sheet1!$A:$B,2,FALSE()) -> NCM206

Sheet Sheet1
A1: Category | B1: Expense Code Code | D1: Type | E1: Code
A2: AAA | B2: NGP022 | D2: Each | E2: EA
A3: AAB | B3: NGP024 | D3: Box | E3: BX
A4: AAC | B4: NGP032 | D4: Case | E4: CS
A5: AAD | B5: NGP030 | D5: Pack | E5: PK
A6: AAE | B6: NGP024 | D6: Piece | E6: PC
A7: AAF | B7: NGP024 | D7: Bag | E7: BG
A8: AAG | B8: NGP032 | D8: Roll | E8: RL
A9: ABA | B9: NGP000
A10: ABB | B10: NGP000
A11: ABC | B11: NGP000
A12: ABE | B12: NGP000
A13: ABF | B13: NGP000
A14: ACA | B14: NGP026
A15: ACB | B15: NGP028
A16: ACC | B16: NGP032
A17: ACD | B17: NGP032
A18: ACH | B18: NGP026
A19: ACI | B19: NGP028
A20: ACJ | B20: NGP032
... A1842: ZZZ | B1842: NXX902
